[Event "Skalica Open 2019"]
[Site "Skalica"]
[Date "2019.08.28"]
[Round "5.11"]
[White "Karas, Marek"]
[Black "Kalisky, Vladimir"]
[Result "1-0"]
[ECO "A49"]
[WhiteElo "2233"]
[BlackElo "2179"]
[Annotator "NA"]
[PlyCount "105"]
[EventDate "2019.08.25"]
[EventType "swiss"]
[EventCountry "SVK"]
[SourceTitle "playchess.com"]
[Source "ChessBase"]
[SourceQuality "1"]
[TimeControl "40/5400+30:1800+30"]

1. d4 Nf6 2. Nf3 g6 3. g3 Bg7 4. Bg2 O-O 5. O-O d6 6. b3 e5 7. c4 Nc6 8. Bb2 e4 9. Ne1 Bf5 10. Nc3 Qd7 11. Nc2 Rae8 12. Re1 Bh3 13. Qd2 Bxg2 14. Kxg2 Ng4 15. Nd5 f5 16. f4 Ne7 17. Nxe7+ Qxe7 18. e3 g5 19. h3 Nh6 20. Qe2 gxf4 21. exf4 Rf6 22. Ne3 Rg6 23. Kf2 Kh8 24. Rg1 Rg8 25. Rab1 c6 26. d5 c5 27. Bxg7+ R8xg7 28. Qb2 b6 29. Qc3 Kg8 30. Rg2 Kf7 31. Rbg1 Qd8 32. Ke2 Kf8 33. a3 Qd7 34. Kd2 a5 35. Kc2 Qf7 36. g4 fxg4 37. hxg4 Kg8 38. f5 Rg5 39. b4 Qd7 40. Kb3 a4+ 41. Ka2 Nf7 42. Qf6 cxb4 43. axb4 Qc7 44. Qe6 h5 45. Qe8+ Kh7 46. Qxe4 Kh8 47. gxh5 b5 48. f6 Rxg2+ 49. Rxg2 Rxg2+ 50. Qxg2 Ne5 51. Qg7+ Qxg7 52. fxg7+ Kxg7 53. cxb5 1-0

[Event "Skalica Open 2019"]
[Site "Skalica"]
[Date "2019.08.28"]
[Round "5.12"]
[White "Hrbek, Stepan"]
[Black "Bochnicka, Vladimir"]
[Result "1/2-1/2"]
[ECO "C54"]
[WhiteElo "2066"]
[BlackElo "2193"]
[Annotator "NA"]
[PlyCount "107"]
[EventDate "2019.08.25"]
[EventType "swiss"]
[EventCountry "SVK"]
[SourceTitle "playchess.com"]
[Source "ChessBase"]
[SourceQuality "1"]
[TimeControl "40/5400+30:1800+30"]

1. e4 e5 2. Bc4 Bc5 3. Nf3 Nc6 4. c3 Nf6 5. d3 a6 6. O-O Ba7 7. Re1 d6 8. Bb3 h6 9. Nbd2 Ng4 10. Re2 Be6 11. Nf1 Qe7 12. d4 Bxb3 13. axb3 O-O-O 14. d5 Nb8 15. b4 Bb6 16. Qd3 Rdf8 17. h3 Nf6 18. Ng3 g5 19. Nf5 Qe8 20. Nh2 Rfg8 21. g3 Nh5 22. Ng4 Rg6 23. Qf3 Ng7 24. Nxg7 Rxg7 25. Nf6 Qe7 26. Qf5+ Kd8 27. Nh5 Rg6 28. b5 Qd7 29. Qxd7+ Kxd7 30. c4 Ke7 31. g4 axb5 32. cxb5 Nd7 33. b4 Rgg8 34. Be3 Bxe3 35. Rxe3 Nf6 36. Nxf6 Kxf6 37. Rc3 Ra8 38. Rca3 Rxa3 39. Rxa3 b6 40. Ra7 Rc8 41. Kg2 Kg6 42. Kg3 Kf6 43. Ra1 Kg6 44. f3 Kf6 45. Ra2 Kg6 46. h4 f6 47. Rc2 Kg7 48. hxg5 hxg5 49. Ra2 Kg6 50. Ra7 Kg7 51. Ra1 Kg6 52. Ra7 Kg7 53. Ra1 Kg6 54. Ra7 1/2-1/2

[Event "Skalica Open 2019"]
[Site "Skalica"]
[Date "2019.08.28"]
[Round "5.13"]
[White "Husek, Martin"]
[Black "Jun, Rudolf Jr."]
[Result "1-0"]
[ECO "B33"]
[WhiteElo "2182"]
[BlackElo "2114"]
[Annotator "NA"]
[PlyCount "107"]
[EventDate "2019.08.25"]
[EventType "swiss"]
[EventCountry "SVK"]
[SourceTitle "playchess.com"]
[Source "ChessBase"]
[SourceQuality "1"]
[TimeControl "40/5400+30:1800+30"]

1. e4 c5 2. Nf3 Nc6 3. d4 cxd4 4. Nxd4 Nf6 5. Nc3 e5 6. Ndb5 d6 7. Bg5 a6 8. Na3 b5 9. Nd5 Be7 10. Bxf6 Bxf6 11. c4 O-O 12. cxb5 Nd4 13. b6 Rb8 14. Nc4 Bb7 15. Be2 Bg5 16. O-O f5 17. f3 Kh8 18. a4 Bxd5 19. exd5 Bf4 20. g3 Qg5 21. Kf2 Rf6 22. gxf4 Qh4+ 23. Ke3 Qxf4+ 24. Kd3 Rff8 25. Qd2 Nxe2 26. Qxe2 Rfc8 27. b3 Rxb6 28. Qc2 Qd4+ 29. Ke2 e4 30. Rad1 exf3+ 31. Rxf3 Qh4 32. Qxf5 Rbb8 33. Rh3 Qe7+ 34. Re3 Qh4 35. Qh3 Qf4 36. Qg3 Qf5 37. Qf3 Qg6 38. Re6 Re8 39. Rxe8+ Rxe8+ 40. Kf1 Kg8 41. Qg3 Rf8+ 42. Kg1 Qh5 43. Rf1 Rxf1+ 44. Kxf1 Qxd5 45. Qxd6 Qf5+ 46. Ke2 Qc2+ 47. Nd2 Qc8 48. Qd5+ Kf8 49. Ke3 Qc3+ 50. Ke4 Qc2+ 51. Ke5 Qc3+ 52. Qd4 Qa5+ 53. Ke6 Kg8 54. Qd5 1-0

[Event "Skalica Open 2019"]
[Site "Skalica"]
[Date "2019.08.28"]
[Round "5.15"]
[White "Bilczewski, Kacper"]
[Black "Kantorik, Marian"]
[Result "1/2-1/2"]
[ECO "B02"]
[WhiteElo "2116"]
[BlackElo "2164"]
[Annotator "NA"]
[PlyCount "34"]
[EventDate "2019.08.25"]
[EventType "swiss"]
[EventCountry "SVK"]
[SourceTitle "playchess.com"]
[Source "ChessBase"]
[SourceQuality "1"]
[TimeControl "40/5400+30:1800+30"]

1. e4 Nf6 2. e5 Nd5 3. c4 Nb6 4. c5 Nd5 5. Nc3 e6 6. d4 d6 7. cxd6 cxd6 8. f4 dxe5 9. fxe5 Qh4+ 10. Ke2 Nc6 11. Nf3 Qd8 12. Kf2 Be7 13. Bc4 O-O 14. Re1 f6 15. Kg1 fxe5 16. dxe5 Bc5+ 17. Kh1 Nxc3 1/2-1/2

[Event "Skalica Open 2019"]
[Site "Skalica"]
[Date "2019.08.28"]
[Round "5.16"]
[White "Londin, Simon"]
[Black "Gresova, Zuzana"]
[Result "1-0"]
[ECO "B22"]
[WhiteElo "2038"]
[BlackElo "2008"]
[Annotator "NA"]
[PlyCount "63"]
[EventDate "2019.08.25"]
[EventType "swiss"]
[EventCountry "SVK"]
[SourceTitle "playchess.com"]
[Source "ChessBase"]
[SourceQuality "1"]
[TimeControl "40/5400+30:1800+30"]

1. e4 c5 2. c3 d5 3. exd5 Qxd5 4. d4 Nf6 5. Nf3 Bg4 6. Nbd2 cxd4 7. Bc4 Qd6 8. Qb3 b6 9. Bxf7+ Kd8 10. Nc4 Qc7 11. Nxd4 e5 12. Ne6+ Bxe6 13. Bxe6 Bc5 14. O-O Rf8 15. Be3 Nc6 16. Rad1+ Ke7 17. Bxc5+ bxc5 18. Ne3 Rab8 19. Qc4 Na5 20. Nf5+ Ke8 21. Qa4+ Nc6 22. Rfe1 g6 23. Nd6+ Ke7 24. Bd5 Nxd5 25. Rxd5 Rxb2 26. Nc4 Rfxf2 27. Nxb2 Rxb2 28. Rxc5 Kd6 29. Qc4 Qb6 30. Qd5+ Kc7 31. Rxe5 Rb1+ 32. Kf2 1-0

[Event "Skalica Open 2019"]
[Site "Skalica"]
[Date "2019.08.28"]
[Round "5.17"]
[White "Khmelev, Mikhail"]
[Black "Kuna, Martin"]
[Result "1-0"]
[ECO "B36"]
[WhiteElo "2021"]
[BlackElo "1969"]
[Annotator "NA"]
[PlyCount "87"]
[EventDate "2019.08.25"]
[EventType "swiss"]
[EventCountry "SVK"]
[SourceTitle "playchess.com"]
[Source "ChessBase"]
[SourceQuality "1"]
[TimeControl "40/5400+30:1800+30"]

1. e4 c5 2. Nf3 Nc6 3. d4 cxd4 4. Nxd4 g6 5. c4 Nf6 6. Nc3 d6 7. Be2 Nxd4 8. Qxd4 Bg7 9. O-O O-O 10. Bg5 Be6 11. Rad1 Qa5 12. Qd2 Rfc8 13. b3 a6 14. Bxf6 Bxf6 15. Nd5 Qxd2 16. Nxf6+ exf6 17. Rxd2 Rc6 18. Rfd1 Rd8 19. f4 Kf8 20. e5 fxe5 21. fxe5 Rdc8 22. exd6 Bd7 23. Bf3 Rb6 24. Rd3 Bc6 25. Kf2 Rd8 26. R1d2 Bxf3 27. Kxf3 Rc6 28. Rd5 b6 29. a4 a5 30. d7 Ke7 31. Re2+ Kf8 32. Kf4 h6 33. g4 Rc7 34. Rd6 Rb7 35. Red2 Ke7 36. Ke5 Rbb8 37. h4 Rb7 38. g5 h5 39. R2d3 Rbb8 40. Rf6 Rb7 41. Rdf3 Rf8 42. Rxf7+ Rxf7 43. Rxf7+ Kd8 44. Kd6 1-0

[Event "Skalica Open 2019"]
[Site "Skalica"]
[Date "2019.08.28"]
[Round "5.18"]
[White "Rakovsky, Jakub"]
[Black "Sefcik, Marek"]
[Result "0-1"]
[ECO "B40"]
[WhiteElo "1765"]
[BlackElo "2024"]
[Annotator "NA"]
[PlyCount "82"]
[EventDate "2019.08.25"]
[EventType "swiss"]
[EventCountry "SVK"]
[SourceTitle "playchess.com"]
[Source "ChessBase"]
[SourceQuality "1"]
[TimeControl "40/5400+30:1800+30"]

1. e4 c5 2. Nf3 e6 3. d4 cxd4 4. Nxd4 Bc5 5. Nb3 Bb6 6. Nc3 Ne7 7. Be2 O-O 8. O-O f5 9. Bg5 h6 10. Bxe7 Qxe7 11. exf5 Rxf5 12. Bd3 Rf8 13. Qe2 Qh4 14. Nd2 d5 15. Nf3 Qf4 16. Qe5 Nc6 17. Qh5 Bd7 18. Qg6 Rf6 19. Ne2 Rxg6 20. Nxf4 Rf6 21. Ng6 Be8 22. Nge5 Nxe5 23. Nxe5 Bd4 24. Nf3 Bc5 25. b4 Bb6 26. c4 Bh5 27. cxd5 Bxf3 28. gxf3 exd5 29. Be2 Re8 30. Rfe1 Re5 31. Bf1 Rg5+ 32. Kh1 Bxf2 33. h4 Rh5 34. Re2 Rxh4+ 35. Kg2 Bb6 36. Kg3 Rxb4 37. Rd2 Rbf4 38. Be2 R4f5 39. Rad1 Rg6+ 40. Kh4 Bd8+ 41. Kh3 Rh5# 0-1

[Event "Skalica Open 2019"]
[Site "Skalica"]
[Date "2019.08.28"]
[Round "5.19"]
[White "Kovarikova, Maria"]
[Black "Benes, Miroslav"]
[Result "0-1"]
[ECO "B01"]
[WhiteElo "1854"]
[BlackElo "2107"]
[Annotator "NA"]
[PlyCount "68"]
[EventDate "2019.08.25"]
[EventType "swiss"]
[EventCountry "SVK"]
[SourceTitle "playchess.com"]
[Source "ChessBase"]
[SourceQuality "1"]
[TimeControl "40/5400+30:1800+30"]

1. e4 d5 2. exd5 Qxd5 3. Nc3 Qa5 4. d4 c6 5. Bc4 Bf5 6. Nf3 e6 7. Bd2 Nd7 8. O-O Ngf6 9. Re1 Qc7 10. Nh4 Bg6 11. f4 O-O-O 12. Ne2 Bh5 13. c3 Be7 14. Rf1 h6 15. Nf3 g5 16. b4 Ne4 17. b5 c5 18. a4 gxf4 19. a5 Bxf3 20. Rxf3 Nxd2 21. Qxd2 Ne5 22. b6 Nxf3+ 23. gxf3 Rhg8+ 24. Kh1 axb6 25. a6 bxa6 26. Bxa6+ Kb8 27. Bd3 f5 28. Qa2 Qb7 29. Ng1 Rg6 30. Qe2 Rdg8 31. Nh3 Bd6 32. dxc5 Bxc5 33. Ba6 Qg7 34. Bb5 Rg1+ 0-1

[Event "Skalica Open 2019"]
[Site "Skalica"]
[Date "2019.08.28"]
[Round "5.20"]
[White "Lhotska, Anna"]
[Black "Chan, Naruna"]
[Result "1-0"]
[ECO "A10"]
[WhiteElo "1966"]
[BlackElo "1950"]
[Annotator "NA"]
[PlyCount "83"]
[EventDate "2019.08.25"]
[EventType "swiss"]
[EventCountry "SVK"]
[SourceTitle "playchess.com"]
[Source "ChessBase"]
[SourceQuality "1"]
[TimeControl "40/5400+30:1800+30"]

1. c4 f5 2. Nc3 d6 3. Nf3 e5 4. e3 Nf6 5. d4 e4 6. Nd2 c6 7. d5 Nbd7 8. Be2 Be7 9. b4 O-O 10. Nb3 Ne5 11. Bb2 b6 12. dxc6 Nxc6 13. Nd5 Be6 14. a3 Bf7 15. Nd4 Nxd4 16. Qxd4 Bxd5 17. cxd5 Ne8 18. O-O Bf6 19. Qd2 Bxb2 20. Qxb2 Nf6 21. Rac1 Rc8 22. Rc6 Rxc6 23. dxc6 Qc7 24. b5 d5 25. Rd1 Rd8 26. Rd4 h6 27. a4 a5 28. bxa6 Qxc6 29. Rb4 Kh7 30. h3 d4 31. Rxd4 Ra8 32. Qb5 Qc1+ 33. Rd1 Qc5 34. Qxc5 bxc5 35. Bb5 Ra7 36. Rd6 Ng8 37. Rb6 Nf6 38. Rb7 Ra8 39. a7 Nd5 40. Bc6 Nb4 41. Rxg7+ Kxg7 42. Bxa8 1-0

[Event "Skalica Open 2019"]
[Site "Skalica"]
[Date "2019.08.28"]
[Round "5.21"]
[White "Krakovsky, Peter"]
[Black "Hrubsa, Marian"]
[Result "1/2-1/2"]
[ECO "A20"]
[WhiteElo "1000"]
[BlackElo "1888"]
[Annotator "NA"]
[PlyCount "35"]
[EventDate "2019.08.25"]
[EventType "swiss"]
[EventCountry "SVK"]
[SourceTitle "playchess.com"]
[Source "ChessBase"]
[SourceQuality "1"]
[TimeControl "40/5400+30:1800+30"]

1. c4 e5 2. g3 Nf6 3. Bg2 Bc5 4. d3 Nc6 5. Nf3 O-O 6. O-O h6 7. e4 d6 8. Nc3 Be6 9. a3 a5 10. Nd5 Bg4 11. h3 Be6 12. Bd2 Nd4 13. b4 Nxf3+ 14. Qxf3 Bd4 15. Nxf6+ Qxf6 16. Qxf6 gxf6 17. Rab1 axb4 18. Ra1 1/2-1/2

[Event "Skalica Open 2019"]
[Site "Skalica"]
[Date "2019.08.28"]
[Round "5.23"]
[White "Palka, Miroslav"]
[Black "Londin, Lukas Vojtech"]
[Result "1-0"]
[ECO "A22"]
[WhiteElo "1869"]
[BlackElo "1415"]
[Annotator "NA"]
[PlyCount "65"]
[EventDate "2019.08.25"]
[EventType "swiss"]
[EventCountry "SVK"]
[SourceTitle "playchess.com"]
[Source "ChessBase"]
[SourceQuality "1"]
[TimeControl "40/5400+30:1800+30"]

1. c4 e5 2. Nc3 Nf6 3. g3 Bb4 4. Bg2 Bxc3 5. bxc3 d6 6. d4 exd4 7. cxd4 h6 8. Nf3 O-O 9. O-O Nc6 10. Qc2 Re8 11. e3 Bg4 12. d5 Nb8 13. Bb2 Nbd7 14. Bd4 b6 15. Qb2 Kh7 16. Rfe1 Bf5 17. Nh4 Bg6 18. Nxg6 fxg6 19. Qc2 Ne5 20. f4 Ned7 21. e4 Nc5 22. e5 Nfd7 23. e6 Nf6 24. Bxc5 bxc5 25. Bf1 Ng8 26. f5 gxf5 27. Qxf5+ Kh8 28. Bd3 Nf6 29. Rf1 Kg8 30. Qg6 Qe7 31. Rxf6 Qxf6 32. Qh7+ Kf8 33. Rf1 1-0

[Event "Skalica Open 2019"]
[Site "Skalica"]
[Date "2019.08.28"]
[Round "5.24"]
[White "Petkevich, Denis"]
[Black "Londin, Martin"]
[Result "1-0"]
[ECO "A10"]
[WhiteElo "1863"]
[BlackElo "1930"]
[Annotator "NA"]
[PlyCount "61"]
[EventDate "2019.08.25"]
[EventType "swiss"]
[EventCountry "SVK"]
[SourceTitle "playchess.com"]
[Source "ChessBase"]
[SourceQuality "1"]
[TimeControl "40/5400+30:1800+30"]

1. c4 b6 2. b4 e6 3. Bb2 Nf6 4. a3 c5 5. b5 Bb7 6. e3 d5 7. Nf3 Be7 8. cxd5 Bxd5 9. Nc3 O-O 10. Nxd5 Nxd5 11. Qc2 Bf6 12. d4 cxd4 13. Nxd4 Nd7 14. Rd1 Rc8 15. Nc6 Qc7 16. Bd3 h6 17. O-O Ne5 18. Bxe5 Bxe5 19. g3 Ne7 20. Nxe5 Qxe5 21. Qa4 Rc7 22. e4 Rfc8 23. f4 Qc5+ 24. Kg2 f5 25. Qb3 Kf7 26. Rc1 Qd6 27. Rxc7 Rxc7 28. exf5 Nd5 29. Be4 Rc3 30. fxe6+ Qxe6 31. Qxd5 1-0

[Event "Skalica Open 2019"]
[Site "Skalica"]
[Date "2019.08.29"]
[Round "6.11"]
[White "Matejovic, Juraj"]
[Black "Hrbek, Stepan"]
[Result "1-0"]
[ECO "B67"]
[WhiteElo "2237"]
[BlackElo "2066"]
[Annotator "ChessBase"]
[PlyCount "65"]
[EventDate "2019.08.25"]
[EventType "swiss"]
[EventCountry "SVK"]
[SourceTitle "playchess.com"]
[Source "ChessBase"]
[SourceQuality "1"]
[TimeControl "40/5400+30:1800+30"]

1. e4 c5 2. Nf3 d6 3. d4 cxd4 4. Nxd4 Nf6 5. Nc3 Nc6 6. Bg5 e6 7. Qd2 a6 8. O-O-O Bd7 9. f4 b5 10. a3 Rb8 11. e5 dxe5 12. fxe5 Nxe5 13. Bf4 Ng6 14. Bxb8 Qxb8 15. Be2 e5 16. Nb3 Be6 17. Bf3 Be7 18. Bc6+ Kf8 19. Rhe1 Qc8 20. Bf3 Nd7 21. Nd5 f6 22. Nxe7 Nxe7 23. Qb4 Kf7 24. Rd6 Qc7 25. Nd4 Bc4 26. Nc6 Nf5 27. Rd2 Nb6 28. g4 Nh4 29. Be4 Ng6 30. Qc5 Nf4 31. Nd8+ Qxd8 32. Rxd8 Rxd8 33. Qxb6 1-0

[Event "Skalica Open 2019"]
[Site "Skalica"]
[Date "2019.08.29"]
[Round "6.12"]
[White "Bochnicka, Vladimir"]
[Black "Khmelev, Mikhail"]
[Result "1/2-1/2"]
[ECO "B48"]
[WhiteElo "2193"]
[BlackElo "2021"]
[Annotator "ChessBase"]
[PlyCount "59"]
[EventDate "2019.08.25"]
[EventType "swiss"]
[EventCountry "SVK"]
[SourceTitle "playchess.com"]
[Source "ChessBase"]
[SourceQuality "1"]
[TimeControl "40/5400+30:1800+30"]

1. e4 c5 2. Nf3 Nc6 3. Nc3 e6 4. d4 cxd4 5. Nxd4 Qc7 6. Be3 a6 7. Qf3 Nf6 8. O-O-O Bb4 9. Nxc6 Bxc3 10. bxc3 Qxc6 11. Bd4 Qxe4 12. Qxe4 Nxe4 13. Bxg7 Rg8 14. Bd4 d5 15. f3 Nd6 16. Bd3 Nf5 17. Be5 Rxg2 18. Bxf5 exf5 19. Rd4 Re2 20. Bg3 Be6 21. Rh4 O-O-O 22. Re1 Rxe1+ 23. Bxe1 Rh8 24. Rh6 f4 25. Bd2 Bf5 26. Rh5 Bg6 27. Rxd5 Rd8 28. c4 Rxd5 29. cxd5 Bh5 30. Bxf4 1/2-1/2

[Event "Skalica Open 2019"]
[Site "Skalica"]
[Date "2019.08.29"]
[Round "6.13"]
[White "Skalsky, Alexandr"]
[Black "Bilczewski, Kacper"]
[Result "1/2-1/2"]
[ECO "C11"]
[WhiteElo "2128"]
[BlackElo "2116"]
[Annotator "ChessBase"]
[PlyCount "99"]
[EventDate "2019.08.25"]
[EventType "swiss"]
[EventCountry "SVK"]
[SourceTitle "playchess.com"]
[Source "ChessBase"]
[SourceQuality "1"]
[TimeControl "40/5400+30:1800+30"]

1. e4 e6 2. d4 d5 3. Nc3 Nf6 4. e5 Nfd7 5. Nce2 c5 6. c3 Nc6 7. Nf3 Be7 8. a3 c4 9. g3 Na5 10. Rb1 Nb3 11. Be3 b5 12. Nd2 Nxd2 13. Bxd2 a5 14. f4 f5 15. g4 g6 16. gxf5 exf5 17. Bg2 Nf8 18. O-O a4 19. Ng3 Qd7 20. Re1 Qe6 21. Nf1 Bb7 22. Ne3 O-O-O 23. Rf1 Qd7 24. Qf3 Ne6 25. Qh3 Rdf8 26. Rf3 Kb8 27. Nc2 Bd8 28. Qg3 Rhg8 29. Qf2 Be7 30. Kf1 h6 31. Ke2 g5 32. Rf1 g4 33. Re3 Qd8 34. Kd1 h5 35. Be1 Nxf4 36. Qxf4 Bg5 37. Qf2 f4 38. Rf3 Qd7 39. Qe2 Qf5 40. R3f2 Qg6 41. Bd2 f3 42. Bxf3 gxf3 43. Rxf3 Rxf3 44. Qxf3 Bc8 45. h3 Bxd2 46. Kxd2 Qg2+ 47. Rf2 Qxf3 48. Rxf3 Rg2+ 49. Kd1 Be6 50. Rf6 1/2-1/2

[Event "Skalica Open 2019"]
[Site "Skalica"]
[Date "2019.08.29"]
[Round "6.14"]
[White "Kalisky, Vladimir"]
[Black "Havelka, Ondrej"]
[Result "1-0"]
[ECO "A00"]
[WhiteElo "2179"]
[BlackElo "2112"]
[Annotator "ChessBase"]
[PlyCount "127"]
[EventDate "2019.08.25"]
[EventType "swiss"]
[EventCountry "SVK"]
[SourceTitle "playchess.com"]
[Source "ChessBase"]
[SourceQuality "1"]
[TimeControl "40/5400+30:1800+30"]

1. g3 d5 2. Bg2 e5 3. d3 Nf6 4. Nf3 Nc6 5. O-O Bg4 6. c4 dxc4 7. Qa4 Qd7 8. Qxc4 Bd6 9. Bg5 Bh3 10. Nc3 Bxg2 11. Kxg2 O-O-O 12. Rfc1 h6 13. Bxf6 gxf6 14. Rab1 Qe6 15. Qa4 f5 16. e4 Bc5 17. Nd5 Rxd5 18. exd5 Qxd5 19. Qc4 Qxc4 20. Rxc4 Bb6 21. Rxc6 bxc6 22. Nxe5 Re8 23. d4 Bxd4 24. Nxc6 Bb6 25. Kf3 a5 26. Rd1 Re6 27. Nd8 Re7 28. Rd5 f6 29. Nc6 Re1 30. b3 h5 31. h4 Rf1 32. Ne7+ Kb7 33. Rd2 f4 34. gxf4 Rh1 35. Nd5 Rxh4 36. Nxf6 Rh1 37. f5 h4 38. Nd5 Bc5 39. Kg2 Re1 40. f6 Re5 41. Ne3 Bxe3 42. fxe3 Rf5 43. Rf2 h3+ 44. Kg3 h2 45. Rxh2 Rxf6 46. Rh5 Kb6 47. e4 c5 48. e5 Rf1 49. Rh2 Re1 50. Kf4 Kb5 51. Rc2 Kb4 52. Rc4+ Kb5 53. Re4 Rf1+ 54. Kg5 Kc6 55. e6 Rg1+ 56. Kf6 Rf1+ 57. Ke7 Rf2 58. Ra4 Kb6 59. Ke8 Re2 60. e7 Rf2 61. Rc4 Rxa2 62. Rf4 a4 63. Kf7 axb3 64. e8=Q 1-0

[Event "Skalica Open 2019"]
[Site "Skalica"]
[Date "2019.08.29"]
[Round "6.16"]
[White "Jun, Rudolf Jr."]
[Black "Kapusta, Petr"]
[Result "1-0"]
[ECO "B52"]
[WhiteElo "2114"]
[BlackElo "2157"]
[Annotator "ChessBase"]
[PlyCount "135"]
[EventDate "2019.08.25"]
[EventType "swiss"]
[EventCountry "SVK"]
[SourceTitle "playchess.com"]
[Source "ChessBase"]
[SourceQuality "1"]
[TimeControl "40/5400+30:1800+30"]

1. e4 c5 2. Nf3 d6 3. Bb5+ Bd7 4. Bxd7+ Nxd7 5. c4 Ngf6 6. Nc3 Ne5 7. O-O e6 8. d3 Be7 9. Nxe5 dxe5 10. Qa4+ Nd7 11. Be3 O-O 12. a3 Nf6 13. Qd1 Qd7 14. Qe2 a6 15. Kh1 Rfd8 16. Rfd1 Qc6 17. Bg5 h6 18. Be3 Rd7 19. f3 Rad8 20. Rd2 Nh5 21. g3 Kh7 22. Rad1 g6 23. f4 Bf6 24. Qf2 b6 25. fxe5 Bxe5 26. g4 Nf6 27. Qf3 Ng8 28. Ne2 f5 29. gxf5 exf5 30. Ng3 Bxg3 31. hxg3 Nf6 32. Kg1 fxe4 33. dxe4 Rxd2 34. Rxd2 Rxd2 35. Bxd2 Qe6 36. e5 Nd7 37. Bc3 Kg7 38. Qe4 Kf7 39. Qf4+ Kg7 40. Qe4 h5 41. a4 Kf7 42. Qf3+ Ke7 43. Qe4 Qg4 44. Qd3 Ke8 45. Kh2 h4 46. gxh4 Qxh4+ 47. Kg2 Qg5+ 48. Kh1 Qh5+ 49. Kg1 Qg4+ 50. Kh2 Qe6 51. Qe4 Ke7 52. Qh4+ Ke8 53. Qe4 a5 54. Kg3 Kd8 55. Qa8+ Ke7 56. Qe4 Kd8 57. Qa8+ Kc7 58. Qa7+ Kc8 59. Qa8+ Kc7 60. Qa7+ Kd8 61. Qa8+ Ke7 62. Qe4 Kf7 63. Qf3+ Kg8 64. Qd5 Nf8 65. Qd8 Kg7 66. Qc7+ Kh6 67. Qd8 Nd7 68. Qh8+ {Kg7} 1-0

[Event "Skalica Open 2019"]
[Site "Skalica"]
[Date "2019.08.29"]
[Round "6.17"]
[White "Sefcik, Marek"]
[Black "Benes, Miroslav"]
[Result "1-0"]
[ECO "B27"]
[WhiteElo "2024"]
[BlackElo "2107"]
[Annotator "ChessBase"]
[PlyCount "99"]
[EventDate "2019.08.25"]
[EventType "swiss"]
[EventCountry "SVK"]
[SourceTitle "playchess.com"]
[Source "ChessBase"]
[SourceQuality "1"]
[TimeControl "40/5400+30:1800+30"]

1. e4 c5 2. Nf3 g6 3. d4 Bg7 4. dxc5 Qa5+ 5. Bd2 Qxc5 6. Bc3 Nf6 7. Bd3 O-O 8. O-O d6 9. Nbd2 Nbd7 10. h3 b6 11. Re1 Bb7 12. a4 a6 13. Qe2 Qc6 14. Nb3 Bh6 15. Bd2 Bg7 16. Bc3 Rfe8 17. Qe3 e5 18. Nfd2 d5 19. Qf3 Qc7 20. a5 b5 21. Bb4 Rac8 22. c3 Qb8 23. Qe3 Qc7 24. Rad1 Nh5 25. g3 Nhf6 26. f3 Nh5 27. Qf2 Bh6 28. Nf1 Bg7 29. Kh2 Nhf6 30. Qe2 h5 31. Qf2 d4 32. Bb1 dxc3 33. bxc3 Bf8 34. Ba2 Red8 35. Qb2 h4 36. g4 Bh6 37. Qf2 Bf4+ 38. Kg2 g5 39. Rd3 Nf8 40. Rxd8 Rxd8 41. Qb6 Qxb6 42. axb6 Ne6 43. Be7 Rd7 44. Bxf6 Kh7 45. Na5 Nc5 46. Nxb7 Nxb7 47. Bd5 Kg6 48. Bxb7 Rxb7 49. Bd8 Rd7 50. Bc7 1-0

[Event "Skalica Open 2019"]
[Site "Skalica"]
[Date "2019.08.29"]
[Round "6.18"]
[White "Gresova, Zuzana"]
[Black "Lhotska, Anna"]
[Result "1/2-1/2"]
[ECO "E19"]
[WhiteElo "2008"]
[BlackElo "1966"]
[Annotator "NA"]
[PlyCount "91"]
[EventDate "2019.08.25"]
[EventType "swiss"]
[EventCountry "SVK"]
[SourceTitle "playchess.com"]
[Source "ChessBase"]
[SourceQuality "1"]
[TimeControl "40/5400+30:1800+30"]

1. d4 Nf6 2. c4 e6 3. Nf3 b6 4. g3 Bb7 5. Bg2 Be7 6. O-O O-O 7. Nc3 Ne4 8. Qc2 Nxc3 9. Qxc3 c5 10. e3 d6 11. a3 {[%emt 0:02:28] E19: Queen's Indian: Old Main Line with 7...Ne4 8 Qc2 Nxc3 8 Qxc3} Nd7 12. b4 Rc8 $146 ({Predecessor:} 12... Bf6 13. Bb2 Rc8 14. Rac1 Re8 15. Rfd1 {1-0 (71) Farias,I (1872)-Benayon,E (1814) Manaus 2017}) 13. Qd3 Qc7 14. Nd2 Bxg2 15. Kxg2 cxd4 16. exd4 Bg5 17. f4 Bf6 18. Bb2 Qb7+ 19. Kg1 Rc7 20. Rac1 Rfc8 21. Ne4 Be7 22. d5 exd5 23. cxd5 Rxc1 24. Rxc1 Rxc1+ 25. Bxc1 Nf6 26. Nxf6+ Bxf6 27. a4 g6 28. Qc4 Qe7 29. Bd2 Qd7 30. b5 Qg4 31. Kf2 Qd1 32. Be3 Qh1 33. h4 Qh2+ 34. Kf3 Qh1+ 35. Kf2 Qa1 36. Kg2 Qb2+ 37. Kg1 Qa3 38. Bf2 Qa1+ 39. Kg2 Qa3 40. Qe4 Qb3 $11 41. f5 Be5 42. fxg6 hxg6 43. g4 Qd1 44. Qc4 Qd2 45. Qe4 Qd1 46. Qc4 1/2-1/2

[Event "Skalica Open 2019"]
[Site "Skalica"]
[Date "2019.08.29"]
[Round "6.19"]
[White "Kuna, Martin"]
[Black "Rakovsky, Jakub"]
[Result "1/2-1/2"]
[ECO "B23"]
[WhiteElo "1969"]
[BlackElo "1765"]
[Annotator "NA"]
[PlyCount "115"]
[EventDate "2019.08.25"]
[EventType "swiss"]
[EventCountry "SVK"]
[SourceTitle "playchess.com"]
[Source "ChessBase"]
[SourceQuality "1"]
[TimeControl "40/5400+30:1800+30"]

1. e4 c5 2. Nc3 d6 3. g3 Nc6 4. Bg2 Nf6 5. d3 e5 6. Nge2 Nd4 {[%emt 0:01:32] B24: Closed Sicilian: 3 g3 sidelines} (6... Be7 7. O-O O-O 8. f4 Rb8 9. a4 a6 10. fxe5 dxe5 11. Nd5 Nxd5 12. exd5 Nb4 13. c4 Bg4 14. Be3 b6 15. Qd2 {1-0 (107) Predke,A (2622)-Zhigalko,S (2604) St Petersburg 2018}) 7. Nxd4 cxd4 8. Ne2 Bg4 $146 ({Predecessor:} 8... Be7 9. O-O Bg4 10. h3 Bd7 11. f4 Rc8 12. c4 b5 13. b3 Qb6 14. Kh2 O-O 15. f5 bxc4 16. bxc4 Rb8 17. g4 {0-1 (39) Theriault,F (1621)-Boulianne,G (1828) Quebec 2015}) 9. f3 Be6 10. O-O d5 11. f4 dxe4 (11... Bd6 $14) 12. fxe5 exd3 {[%emt 0:02:25] [#]} 13. Qxd3 ({Less strong is} 13. exf6 dxe2 14. Qxe2 Qb6 $16) ({But not} 13. cxd3 $6 Nd5 $16) ({Only move:} 13. Nf4 $1 $18 Nd5 14. Nxe6 (14. Nxd3 Rc8 $11) (14. Qxd3 Nxf4 15. gxf4 Qc7 $16) 14... fxe6 15. Qxd3 (15. Qf3 Qd7 $16)) 13... Nd7 14. Nxd4 ({Much less strong is} 14. Bxb7 $6 Rb8 $16) 14... Qb6 (14... Bc5 $16 {is a better defense.} 15. Be3 (15. Bxb7 Rb8 $11) 15... O-O 16. Nxe6 (16. Bxb7 Bh3 $16) 16... Bxe3+ 17. Qxe3 fxe6 18. Rxf8+ (18. Bxb7 Rb8 $18) 18... Nxf8 19. Bxb7 Rb8) 15. Kh1 Nc5 16. Qb5+ Qxb5 17. Nxb5 O-O-O 18. Bg5 Rd7 19. Rad1 Bc4 20. Bh3 Bxf1 21. Bxd7+ Nxd7 22. Rxf1 Nxe5 23. Nxa7+ Kd7 24. Nb5 Bc5 25. Rd1+ Kc6 26. Nd4+ Bxd4 27. Rxd4 Nf3 28. Rc4+ Kd5 29. Rf4 Nxg5 30. Rf5+ Kd6 31. Rxg5 g6 32. Rb5 Kc6 33. Re5 Kd6 34. Re3 Ra8 35. a3 Rc8 36. Rd3+ Ke6 37. c3 Rc6 38. a4 Ra6 39. b3 Rb6 40. b4 Rc6 41. Kg2 f5 42. h4 h6 43. Kf3 $14 ({White should play} 43. Kf2 $16) 43... Rc4 44. a5 g5 45. hxg5 hxg5 46. Ke2 Rg4 47. Rf3 Rc4 48. Kd3 Rc7 49. Kd4 Rf7 50. Kc5 f4 51. gxf4 gxf4 52. Kb6 Kd5 53. b5 Ke4 54. Rh3 f3 55. Rxf3 Kxf3 56. a6 bxa6 57. bxa6 Ke3 58. c4 1/2-1/2